AoeStats
← ItsRiZeTV

Arena

509648894Analyzed
4v4 RM · 3d ago on Sep 27, 2026· 63m 40s· 8 players
Game mode
Random Map
Map size
Large (8 player)
Population
200
Speed
Normal
Resources
Standard
Victory
Conquest
Starting age
Dark Age
Ending age
Imperial Age
RankedLock teamsTeams togetherTeam positionsShared explorationLock speedFull tech treeHidden civsTurbo modeCheats
Victory
Defeat
900
+37
🇨🇳 Franks · China
865
+14
🇷🇺 Portuguese · Russia
824
+16
🇮🇪 Varangians · Ireland
817
+16
🇺🇦 Tatars · Ukraine
912
-18
🇦🇷 Franks · Argentina
864
-16
🇹🇼 Turks · Taiwan
768
-13
🇺🇸 Wu · United States
765
-12
Adment_Vk
1:35 Loom
10:41 Feudal Age
16:37 Castle Age
15:23 Double-Bit Axe
15:59 Stone Mining
25:55 Bow Saw
26:48 Horse Collar
27:50 Wheelbarrow
30:36 Hand Cart
34:58 Imperial Age
34:15 Ballistics
34:01 Pikeman
36:45 Chemistry
37:02 Two-Man Saw
39:36 Heavy Plow
43:00 Elite Skirmisher
43:05 Halberdier
56:23 Conscription
60:30 Crop Rotation
62:29 Siege Engineers
63:12 Fletching
63:32 Forging
63:23 Scale Mail Armor
63:23 Padded Archer Armor
CHIKN9476
2:48 Loom
17:12 Feudal Age
17:38 Horse Collar
17:44 Double-Bit Axe
18:04 Town Watch
20:21 Arson
20:48 Bloodlines
21:10 Forging
21:07 Scale Barding Armor
21:03 Scale Mail Armor
21:06 Padded Archer Armor
20:56 Fletching
21:05 Fletching
25:43 Castle Age
26:58 Bodkin Arrow
27:15 Squires
28:21 Iron Casting
27:53 Gold Mining
27:54 Stone Mining
28:31 Gambesons
31:41 Chain Barding Armor
32:53 Heavy Plow
33:32 Chain Mail Armor
35:52 Wheelbarrow
37:37 Ballistics
39:58 Leather Archer Armor
42:25 Husbandry
48:50 Imperial Age
48:56 Elite Jarl
50:49 Blast Furnace
55:35 Vendel Legacy
55:38 Cavalier
sujing810
0:28 Loom
10:38 Feudal Age
11:30 Double-Bit Axe
12:23 Wheelbarrow
15:50 Castle Age
16:46 Bow Saw
18:02 Hand Cart
22:46 Gold Mining
26:31 Gold Shaft Mining
25:47 Stone Mining
25:49 Pikeman
26:30 Squires
32:39 Imperial Age
30:16 Husbandry
32:11 Elite Skirmisher
33:28 Forging
33:19 Scale Mail Armor
33:24 Scale Barding Armor
34:24 Chemistry
33:35 Cavalier
33:36 Light Cavalry
33:42 Halberdier
34:46 Siege Engineers
35:51 Iron Casting
35:40 Chain Barding Armor
37:27 Paladin
38:49 Plate Barding Armor
39:15 Blast Furnace
38:32 Chain Mail Armor
38:51 Coinage
38:22 Caravan
41:17 Town Watch
42:06 Plate Mail Armor
42:09 Banking
42:29 Treadmill Crane
42:59 Masonry
43:58 Chivalry
44:18 Conscription
44:43 Town Patrol
44:41 Fletching
44:54 Padded Archer Armor
64:09 Bodkin Arrow
64:29 Leather Archer Armor
Kevin-Herodes-Pascal-Cedric
11:17 Feudal Age
9:34 Loom
11:59 Loom
15:29 Castle Age
14:08 Double-Bit Axe
15:15 Scale Barding Armor
15:22 Forging
16:35 Horse Collar
20:15 Bloodlines
22:32 Wheelbarrow
21:59 Heavy Plow
22:48 Husbandry
24:46 Fletching
25:34 Hand Cart
25:48 Bow Saw
26:37 Iron Casting
28:33 Grand Trunk Road
29:04 Chain Barding Armor
28:40 Bodkin Arrow
28:54 Murder Holes
29:11 Masonry
30:25 Town Watch
35:40 Imperial Age
38:20 Two-Man Saw
37:47 Conscription
38:10 Hoardings
37:19 Heavy Camel Rider
42:03 Shatagni
43:09 Chemistry
43:13 Blast Furnace
42:17 Padded Archer Armor
42:53 Plate Barding Armor
43:19 Blast Furnace
42:21 Bracer
45:01 Town Patrol
46:15 Leather Archer Armor
46:44 Imperial Camel Rider
ItsRiZeTV
7:28 Loom
10:15 Feudal Age
10:36 Horse Collar
10:43 Double-Bit Axe
13:56 Wheelbarrow
15:26 Stone Mining
18:36 Castle Age
17:30 Town Watch
17:52 Scale Mail Armor
18:02 Forging
21:28 Heavy Plow
21:42 Padded Archer Armor
24:50 Hand Cart
25:28 Gold Mining
26:26 Light Cavalry
27:47 Town Patrol
29:56 Husbandry
31:29 Bloodlines
31:37 Bow Saw
33:28 Squires
34:35 Scale Barding Armor
35:14 Gold Shaft Mining
35:14 Stone Shaft Mining
37:16 Red Cliffs Tactics
39:41 Leather Archer Armor
40:02 Iron Casting
43:11 Imperial Age
43:37 Elite Fire Archer
44:45 Fletching
45:45 Conscription
47:12 Pikeman
48:38 Halberdier
51:17 Bodkin Arrow
52:22 Blast Furnace
54:17 Arson
60:33 Two-Man Saw
64:20 Chain Mail Armor
64:28 Chain Barding Armor
NDS
9:18 Loom
11:34 Feudal Age
16:41 Castle Age
23:12 Fervor
22:50 Horse Collar
25:34 Double-Bit Axe
26:28 Wheelbarrow
25:39 Town Watch
27:36 Heavy Plow
31:05 Imperial Age
28:51 Hand Cart
28:37 Town Patrol
30:24 Man-at-Arms
31:06 Squires
30:51 Arson
31:29 Ballistics
31:05 Murder Holes
31:21 Masonry
31:23 Fortified Wall
31:26 Forging
31:06 Fletching
31:17 Scale Mail Armor
31:18 Padded Archer Armor
31:41 Bow Saw
31:38 Stone Mining
31:51 Long Swordsman
32:53 Two-Handed Swordsman
33:31 Bodkin Arrow
34:12 Iron Casting
33:52 Chain Mail Armor
36:28 Conscription
36:44 Hoardings
37:18 Artillery
39:26 Bracer
40:26 Blast Furnace
39:57 Plate Mail Armor
39:43 Leather Archer Armor
39:16 Arrowslits
40:02 Architecture
39:13 Treadmill Crane
40:00 Champion
41:17 Elite Janissary
47:37 Elite Janissary
50:23 Ring Archer Armor
50:15 Bombard Tower
\mayre/
9:57 Feudal Age
10:25 Double-Bit Axe
10:27 Horse Collar
17:48 Castle Age
17:15 Scale Mail Armor
17:25 Forging
17:25 Scale Barding Armor
18:14 Gold Mining
18:14 Stone Mining
19:28 Iron Casting
19:12 Bow Saw
19:31 Fletching
20:59 Heavy Plow
23:53 Gold Shaft Mining
24:16 Bodkin Arrow
26:18 Bloodlines
26:08 Husbandry
26:34 Husbandry
26:22 Treadmill Crane
26:40 Murder Holes
28:34 Ballistics
29:59 Loom
32:45 Imperial Age
30:55 Wheelbarrow
30:32 Silk Armor
32:24 Iron Casting
31:49 Padded Archer Armor
32:10 Chain Barding Armor
34:32 Chemistry
34:05 Crop Rotation
34:02 Conscription
34:09 Town Watch
35:32 Hand Cart
35:02 Town Watch
35:35 Masonry
36:55 Blast Furnace
36:31 Plate Barding Armor
36:11 Leather Archer Armor
37:01 Heavy Cavalry Archer
37:46 Caravan
38:16 Coinage
37:57 Guilds
41:41 Banking
41:49 Ring Archer Armor
41:19 Bracer
41:14 Elite Keshik
56:47 Town Patrol
56:34 Loom
El Lobizon Chinchu
1:51 Loom
11:56 Feudal Age
13:16 Wheelbarrow
12:51 Double-Bit Axe
19:31 Castle Age
18:57 Gold Mining
19:00 Stone Mining
21:39 Hand Cart
21:55 Forging
21:47 Scale Mail Armor
23:33 Iron Casting
24:19 Pikeman
32:22 Gold Shaft Mining
33:47 Squires
36:47 Imperial Age
36:12 Scale Barding Armor
37:31 Murder Holes
37:59 Ballistics
37:59 Chain Mail Armor
38:30 Halberdier
44:27 Blast Furnace
43:58 Plate Mail Armor
47:42 Chemistry
56:37 Arson
Connection lost

Rejoining the realm…

Still unreachable

The connection could not be restored.

Session expired

The server has moved on; the page needs a fresh start.